 Dungeon Crawl Stone Soup version 0.31-a0-14-gc80a10f4b6 (webtiles) character file.

Game seed: 11904794365782165422

42593 anet the Cleaver (level 13, -6/115 (116) HPs)
             Began as a Minotaur Berserker on May 8, 2023.
             Was the Champion of Trog.
             Mangled by a +10 trident of Qim Zah {chaos, *Corrode rC+ Int+3 Dex+2} (11 damage)
             ... on level 2 of the Lair of Beasts.
             The game lasted 00:48:28 (16283 turns).

anet the Cleaver (Minotaur Berserker)              Turns: 16283, Time: 00:48:29

HP:   -6/115 (116)  AC: 26    Str: 21    XL:     13   Next: 86%
MP:   8/12          EV: 22    Int:  4    God:    Trog [******]
Gold: 1461          SH:  0    Dex: 16    Spells: 12/12 levels left

rFire   . . .        a - +2 executioner's axe (heavy)
rCold   . . .        (shield currently unavailable)
rNeg    . . .        K - +0 crystal plate armour
rPois   .            o - +1 hat
rElec   .            X - scarf {repulsion}
rCorr   .            B - +1 pair of gloves {infuse}
SInv    .            T - +0 pair of boots
Will    .....        C - amulet of regeneration Stlth
                     e - +5 ring of evasion
HPRegen 1.19/turn    M - +5 ring of evasion
MPRegen 0.13/turn

%: repel missiles, infuse magic (1 MP)
@: agile, lethally poisoned (-6 -> -6), on berserk cooldown, hasted and slowed,
lightly drained
A: horns 2, retaliatory headbutt
a: Renounce Religion, Berserk, Trog's Hand, Brothers in Arms


You were on level 2 of the Lair of Beasts.
You worshipped Trog.
Trog was exalted by your worship.
You visited 3 branches of the dungeon, and saw 15 of its levels.
You also visited: Bailey.

You collected 1461 gold pieces.

Inventory:

Hand Weapons
 a - a +2 heavy executioner's axe (weapon)
 b - a +0 arbalest
 f - a +1 hand axe of flaming
 w - a +0 spear of venom
Missiles
 m - 25 poisoned darts
 L - 3 curare-tipped darts
 Z - 26 javelins
Armour
 o - a +1 hat (worn)
 B - a +1 pair of gloves of infusion (worn)
 K - a +0 crystal plate armour (worn)
 T - a +0 pair of boots (worn)
 X - a scarf of repulsion (worn)
Jewellery
 e - a +5 ring of evasion (left hand)
 C - an amulet of regeneration (around neck)
 M - a +5 ring of evasion (right hand)
 Y - a ring of ice
Wands
 l - a wand of flame (64)
 x - a wand of charming (3)
 I - a wand of iceblast (8)
 O - a wand of mindburst (7)
 U - a wand of polymorph (3)
Scrolls
 c - 7 scrolls of immolation {unknown}
 j - 7 scrolls of enchant armour
 p - 5 scrolls of amnesia {unknown}
 r - 3 scrolls of teleportation {unknown}
 t - 3 scrolls of magic mapping {unknown}
 y - 2 scrolls of summoning {unknown}
 D - 12 scrolls of identify {unknown}
 E - 4 scrolls of fear {unknown}
 H - 3 scrolls of fog {unknown}
 J - 2 scrolls of noise {unknown}
 N - 3 scrolls of poison {unknown}
Potions
 h - 3 potions of lignification {unknown}
 k - 4 potions of berserk rage {unknown}
 n - 3 potions of mutation {unknown}
 q - 3 potions of might {unknown}
 u - 2 potions of curing
 z - 5 potions of magic {unknown}
 F - 3 potions of heal wounds {unknown}
 R - 2 potions of ambrosia {unknown}
Miscellaneous
 d - a piece from Xom's chessboard (15/15)


   Skills:
 + Level 11.1 Fighting
 + Level 11.1 Axes
 - Level 10.0 Ranged Weapons
 + Level 8.1 Throwing
 + Level 11.1 Armour
 - Level 10.0 Dodging
 + Level 11.1 Shields
 + Level 7.1 Evocations


You had 12 spell levels left.
You didn't know any spells.
Your spell library was empty.

Dungeon Overview and Level Annotations

Branches:
Dungeon (9/15)             Temple (1/1) D:5            Lair (5/5) D:8
 Shoals (0/4) Lair:2        Snake (0/4) Lair:3        Slime (0/5) Lair:4
    Orc (0/2) D:9          Bailey (visited)

Altars:
Ashenzari
Cheibriados
Dithmenos
Elyvilon
Fedhas
Gozag
Hepliaklqana
Kikubaaqudgha
Makhleb
Okawaru
Qazlal
Ru
Sif Muna
Trog
Uskayaw
Vehumet
Wu Jian
Xom
Yredelemnul
Zin
The Shining One
Jiyva

Shops:
D:8 **

Annotations:
Lair:2 drclinical's ghost, journeyman AtFi
Lair:5 1 runed translucent door, hattey's ghost, journeyman HuWn


Innate Abilities, Weirdness & Mutations

You have a pair of horns on your head.
You reflexively headbutt those who attack you in melee.


Message History

Drclinical's ghost burns you.
The +10 trident of Qim Zah {chaos, *Corrode rC+ Int+3 Dex+2} hits you from afar.
You feel more agile all of a sudden. Drclinical's ghost hits you!
* * * LOW HITPOINT WARNING * * *
Drclinical's ghost burns you.
* * * LOW HITPOINT WARNING * * *
The +10 trident of Qim Zah {chaos, *Corrode rC+ Int+3 Dex+2} hits you from afar.
* * * LOW HITPOINT WARNING * * *
The +10 trident of Qim Zah {chaos, *Corrode rC+ Int+3 Dex+2} hits you but does no damage.
Drclinical's ghost hits you but does no damage.
The +10 trident of Qim Zah {chaos, *Corrode rC+ Int+3 Dex+2} hits you but does no damage.
Drclinical's ghost hits you.
* * * LOW HITPOINT WARNING * * *
Drclinical's ghost burns you.
* * * LOW HITPOINT WARNING * * *
The +10 trident of Qim Zah {chaos, *Corrode rC+ Int+3 Dex+2} hits you from afar!
* * * LOW HITPOINT WARNING * * *
The +10 trident of Qim Zah {chaos, *Corrode rC+ Int+3 Dex+2} hits you from afar!
* * * LOW HITPOINT WARNING * * *
The +10 trident of Qim Zah {chaos, *Corrode rC+ Int+3 Dex+2} freezes you.
* * * LOW HITPOINT WARNING * * *
Drclinical's ghost hits you but does no damage.
The +10 trident of Qim Zah {chaos, *Corrode rC+ Int+3 Dex+2} hits you from afar.
* * * LOW HITPOINT WARNING * * *
The +10 trident of Qim Zah {chaos, *Corrode rC+ Int+3 Dex+2} burns you.
* * * LOW HITPOINT WARNING * * *
You turn to flesh and can move again.
Unknown command.
Unknown command.
Unknown command.
Unknown command.
Unknown command.
Unknown command.
As you read the scroll labelled XIOCOGRUMN, it crumbles to dust.
It is a scroll of enchant armour.
Your +0 pair of gloves of infusion glows green for a moment.
You feel sick.
The +10 trident of Qim Zah {chaos, *Corrode rC+ Int+3 Dex+2} hits you from afar!
You die...

....##~~~~..#............#..#...#
.....#.~.###.....................
.......#.##.....................P
.###............................#
P#####P..........................
.#..##....................#.#...#
P........................###.....
............###...........#......
...........##.##@................
...........#$_=#W........##.....#
..##...###.##'##(........P#....##
..P#....###...(.#..#..#.####....#
...#...####.....#######.###P...##
).P....#..##..#.######P..##....P#
..........###....................
.......^.........................
.................................


You could see a +10 trident of Qim Zah {chaos, *Corrode rC+ Int+3 Dex+2} and
drclinical's ghost.

Vanquished Creatures
  2 hydras
  2 catoblepae
  A boulder beetle (Lair:1)
  A deep troll shaman (Lair:5)
  7 death yaks
  Sonja (Lair:2)
  A skyshark (Lair:5)
  A swamp dragon (Lair:3)
  A deep elf pyromancer (D:8)
  17 elephants
  2 oklob plants (Lair:5)
  A water nymph (Lair:2)
  3 black mambas
  A molten gargoyle (Lair:4)
  Maggie (D:9)
  6 cane toads
  A torpor snail (Lair:4)
  3 rime drakes
  4 komodo dragons
  A troll (D:9)
  2 polar bears
  15 blink frogs
  A hornet (D:9)
  4 dream sheep (Lair:4)
  26 yaks
  6 wyverns
  3 fire bats (Lair:4)
  A fire elemental (Lair:4)
  A basilisk (Lair:5)
  6 steam dragons
  5 nagas (Lair:3)
  An acid dragon (D:9)
  13 water moccasins
  14 orc warriors
  3 black bears
  2 ice beasts
  12 wolves
  An ogre (D:6)
  14 centaurs
  4 phantoms
  6 bullfrogs
  A gnoll sergeant (D:6)
  3 scorpions
  3 necrophages (D:7)
  A wyvern zombie (D:7)
  A water moccasin zombie (D:7)
  23 wights
  5 killer bees
  2 troll zombies (D:9)
  An electric eel (Lair:5)
  6 howler monkeys
  5 jellies
  A hound (D:4)
  6 orc priests
  Jessica (D:2)
  2 gnoll boudas
  An iguana (D:4)
  A sleepcap (D:6)
  8 orc wizards
  24 hell rats
  6 ogre zombies (D:9)
  A howler monkey zombie (D:7)
  Robin (D:3)
  14 gnolls
  10 adders
  5 shadow imps
  2 white imps
  2 worms
  A dart slug (D:1)
  49 orcs
  9 ball pythons
  7 endoplasms
  2 giant cockroaches
  15 goblins
  9 hobgoblins
  4 jackals (D:3)
  4 quokkas
  7 bats
  A goblin skeleton (D:9)
  A hobgoblin skeleton (D:9)
  4 hobgoblin zombies (D:9)
  3 kobolds
  2 orc skeletons (D:9)
  17 orc zombies (D:9)
  6 rats
  A bush (Lair:5)
475 creatures vanquished.

Vanquished Creatures (others)
  A human (D:8)
  A gnoll (D:7)
  2 bushes (D:7)
  13 fungi
  38 plants
55 creatures vanquished.

Grand Total: 530 creatures vanquished

Notes
Turn   | Place    | Note
-------+----------+-------------------------------------------
     0 | D:1      | anet the Minotaur Berserker began the quest for the Orb.
     0 | D:1      | Reached XP level 1. HP: 19/19 MP: 0/0
   433 | D:1      | Reached XP level 2. HP: 27/27 MP: 1/1
  1145 | D:2      | Reached XP level 3. HP: 32/33 MP: 2/2
  1233 | D:2      | Noticed Jessica
  1249 | D:2      | Killed Jessica
  1334 | D:2      | Reached XP level 4. HP: 24/40 MP: 3/3
  1334 | D:2      | Found a faded altar of an unknown god.
  1541 | D:2      | Reached ** piety under Trog
  1930 | D:3      | Found an opulent altar of Gozag.
  2285 | D:3      | Noticed Robin
  2304 | D:3      | Killed Robin
  2305 | D:3      | Reached XP level 5. HP: 28/47 MP: 4/4
  2825 | D:4      | Found a broken altar of Ashenzari.
  3074 | D:4      | Reached XP level 6. HP: 43/55 MP: 5/5
  3149 | D:4      | Reached skill level 5 in Fighting
  3149 | D:4      | Reached skill level 5 in Armour
  3151 | D:4      | Reached skill level 5 in Axes
  3418 | D:4      | Found a hide-covered altar of Uskayaw.
  3645 | D:5      | Entered Level 5 of the Dungeon
  3661 | D:5      | Reached XP level 7. HP: 61/61 MP: 6/6
  3716 | D:5      | Reached *** piety under Trog
  4073 | D:5      | Reached skill level 5 in Dodging
  4169 | D:5      | Found an ornate altar of the Wu Jian Council.
  4187 | D:5      | Found a staircase to the Ecumenical Temple.
  4196 | Temple   | Entered the Ecumenical Temple
  4352 | D:5      | Found a sacrificial altar of Ru.
  4590 | D:6      | Reached XP level 8. HP: 56/71 MP: 7/7
  5007 | D:6      | Found a hazy altar of Hepliaklqana.
  5008 | D:6      | Found a shimmering altar of Xom.
  5009 | D:6      | Noticed a spectral ugly thing
  5337 | D:6      | Found a shadowy altar of Dithmenos.
  5397 | D:6      | Found a shimmering blue altar of Sif Muna.
  5613 | D:7      | Reached skill level 1 in Shields
  5630 | D:7      | Reached skill level 1 in Ranged Weapons
  5630 | D:7      | Reached skill level 1 in Throwing
  5630 | D:7      | Reached skill level 1 in Evocations
  5696 | D:7      | Reached **** piety under Trog
  5844 | D:7      | Reached XP level 9. HP: 79/79 MP: 8/8
  6125 | D:7      | Found a blossoming altar of Fedhas.
  6518 | D:8      | Found a basalt altar of Yredelemnul.
  6553 | D:8      | Found Oraesu's General Store.
  6557 | D:8      | Found Cixayn's Specific Store.
  6595 | D:8      | Noticed a deep elf pyromancer
  6607 | D:8      | Killed a deep elf pyromancer
  6608 | D:8      | Reached skill level 5 in Shields
  6608 | D:8      | Reached XP level 10. HP: 75/88 MP: 9/9
  6686 | D:8      | Found an ancient bone altar of Kikubaaqudgha.
  6760 | D:8      | Reached ***** piety under Trog
  6765 | D:8      | Reached skill level 5 in Ranged Weapons
  6770 | D:8      | Found a staircase to the Lair.
  7196 | Lair:1   | Entered Level 1 of the Lair of Beasts
  7278 | Lair:1   | Reached skill level 5 in Throwing
  7332 | Lair:1   | Noticed a black mamba
  7336 | Lair:1   | Killed a black mamba
  7463 | Lair:1   | Noticed a boulder beetle
  7479 | Lair:1   | Killed a boulder beetle
  7502 | Lair:1   | Reached skill level 5 in Evocations
  7502 | Lair:1   | Reached XP level 11. HP: 77/94 MP: 10/10
  7906 | Lair:1   | Received a gift from Trog
  8778 | D:9      | Noticed Maggie
  8788 | D:9      | Killed Maggie
  8928 | D:9      | Found a flagged portal.
  8938 | Bailey   | Entered a bailey
  9935 | D:9      | Found a viscous altar of Jiyva.
  9944 | D:9      | Found a staircase to the Orcish Mines.
 10038 | D:9      | Found a bloodstained altar of Trog.
 10040 | D:9      | Found a burning altar of Makhleb.
 10043 | D:9      | Found a snail-covered altar of Cheibriados.
 10116 | D:9      | Reached ****** piety under Trog
 10803 | Lair:2   | Reached XP level 12. HP: 64/104 MP: 0/11
 10948 | Lair:2   | Found a runed translucent door.
 10948 | Lair:2   | Found a shimmering altar of Xom.
 10948 | Lair:2   | Identified the +10 trident of Qim Zah {chaos, *Corrode rC+
                  | Int+3 Dex+2}
 10948 | Lair:2   | Noticed drclinical's ghost (journeyman AtFi)
 11071 | Lair:2   | Noticed Sonja
 11087 | Lair:2   | HP: 5/104 [asphyx]
 11089 | Lair:2   | Killed Sonja
 11203 | Lair:2   | You fall into a shaft and drop 2 floors!
 11306 | Lair:4   | Received a gift from Trog
 11410 | Lair:4   | Noticed a catoblepas
 11424 | Lair:4   | Noticed a death yak
 11431 | Lair:4   | Killed a catoblepas
 11435 | Lair:4   | Killed a death yak
 11793 | Lair:4   | Noticed an eight-headed hydra
 11805 | Lair:4   | Killed a seven-headed hydra
 11806 | Lair:4   | Reached skill level 10 in Fighting
 11812 | Lair:4   | Reached skill level 10 in Shields
 11813 | Lair:4   | Reached skill level 10 in Armour
 11857 | Lair:4   | Reached skill level 10 in Axes
 12067 | Lair:4   | Found a viscous altar of Jiyva.
 12067 | Lair:4   | Found a staircase to the Slime Pits.
 12644 | Lair:3   | Reached XP level 13. HP: 113/113 MP: 9/12
 12948 | Lair:3   | Found a staircase to the Snake Pit.
 13522 | Lair:2   | Found a staircase to the Shoals.
 13887 | Lair:5   | Entered Level 5 of the Lair of Beasts
 14026 | Lair:5   | Found a runed translucent door.
 14724 | Lair:5   | Noticed hattey's ghost (journeyman HuWn)
 14726 | Lair:5   | Identified the +8 spear of the Ecumenical Temple {protect,
                  | *Noise rPois rC++ Will+}
 15091 | Lair:5   | Received a gift from Trog
 15213 | Lair:5   | Reached skill level 10 in Ranged Weapons
 15216 | Lair:5   | Reached skill level 10 in Dodging
 16282 | Lair:2   | HP: 5/115 [+10 trident of Qim Zah {chaos, *Corrode rC+
                  | Int+3 Dex+2} (1)]
 16283 | Lair:2   | Mangled by a +10 trident of Qim Zah {chaos, *Corrode rC+
                  | Int+3 Dex+2}

Illustrated notes

Levels and vault maps discovered:
D:1:      dpeg_arrival_fog, layout_basic, skrybe_limestone_x
D:2:      layout_basic, nicolae_ecumenical_snake_handling, uniq_jessica
D:3:      layout_basic, nicolae_gozag_seed_capital, minmay_fractal_squares_5,
          uniq_robin
D:4:      layout_gridville, amcnicky_altar_gilded, mainiacjoe_overflow_chevrons,
          reono_crystal_passage
D:5:      layout_rooms, nicolae_ru_great_annihilating_truth,
          lemuel_coloured_pillars_altar, minmay_temple_entry_statues_fountains
D:6:      layout_basic, regret_index_temple_of_mockery,
          mainiacjoe_overflow_two_lobes
D:7:      layout_rooms, fedhas_altar_decomposition
D:8:      layout_cave_pools, tgw_kikubaaqudgha, mainiacjoe_overflow_brackets,
          lair_entry_dummy, nicolae_specific_store, guppyfry_early_elven_hall
D:9:      layout_layer_cave, chequers_temple_overflow_statue_of_worship,
          zombieorc2_lemuel, enter_bailey_5, jiyva_altar_1, uniq_maggie
Temple:   nicolae_temple_two_arcs
Lair:1:   layout_small_grid, serial_bayou_pond_d, nzn_sisyphean_effort,
          grunt_megastairs_3
Lair:2:   layout_gridlike, nicolae_shoals_entry_flooding, ebering_ghost_xom,
          uniq_sonja
Lair:3:   layout_long_grid, minmay_snake_entry_guardpost_large,
          chequers_serial_rivers_micro_d, hibernation_bobbens,
          grunt_megastairs_2
Lair:4:   layout_gridlike, dpeg_slime_entry_enclosed, nicolae_lair_yak_garden
Lair:5:   grunt_lair_end_beastmaster, layout_cave_shapes,
          ebering_ghost_funeral_grove, dpeg_oklob_1, serial_bayou_shore_b,
          lemuel_fruit_fields, grunt_megastairs_4

Skill      XL: |  1  2  3  4  5  6  7  8  9 10 11 12 13 |
---------------+----------------------------------------+-----
Axes           | 4 5 6 7 8 9 10 11 | 11.1
Fighting       | 4 5 6 7 8 9 10 11 | 11.1
Armour         | 3 4 5 6 7 8 9 10 11 | 11.1
Dodging        | 3 4 5 6 7 8 9 10 | 10.0
Shields        | 2 5 7 9 10 11 | 11.1
Ranged Weapons | 2 4 7 8 9 10 | 10.0
Throwing       | 2 4 5 6 7 8 |  8.1
Evocations     | 2 4 5 6 7 |  7.1

Action                     |  1- 3 |  4- 6 |  7- 9 | 10-12 | 13-15 || total
---------------------------+-------+-------+-------+-------+-------++-------
  Melee: Hand axe          |    65 |    97 |    21 |       |     7 ||   190
         Headbutt          |     9 |    21 |    30 |    59 |    23 ||   142
         Short sword       |       |    12 |       |       |       ||    12
         Whip              |       |     5 |    58 |       |       ||    63
         Punch             |       |     1 |     1 |     1 |       ||     3
         Battleaxe         |       |       |    98 |    72 |       ||   170
         Spear             |       |       |    11 |    32 |       ||    43
         Executioner's axe |       |       |       |   168 |   106 ||   274
         Halberd           |       |       |       |     1 |       ||     1
   Fire: Sling             |       |    19 |       |       |       ||    19
         Arbalest          |       |    27 |   100 |   268 |    83 ||   478
 Invoke: Berserk           |     1 |       |     3 |     4 |     1 ||     9
  Evoke: Wand              |       |       |       |     1 |       ||     1
    Use: Potion            |       |       |       |     4 |       ||     4
         Scroll            |       |       |       |       |     1 ||     1
   Stab: Petrifying        |       |       |       |     1 |     1 ||     2
         Petrified         |       |       |       |       |     8 ||     8
 Armour: Animal skin       |     3 |       |       |       |       ||     3
         Scale mail        |    19 |    43 |    27 |       |       ||    89
         Chain mail        |       |       |    66 |    11 |       ||    77
         Plate armour      |       |       |       |    76 |       ||    76
         Crystal plate arm |       |       |       |   168 |   124 ||   292
  Dodge: Dodged            |    28 |   129 |   209 |   614 |   190 ||  1170
         Repelled          |       |       |       |       |     6 ||     6

Table legend: (Time is in decaauts)
 A = Elapsed time spent in this place.
 B = Non-inter-level travel time spent in this place.
 C = Inter-level travel time spent in this place.
 D = Time resting spent in this place.
 E = Time spent auto-exploring this place.
 F = Levels seen in this place.
 G = Mean time per level.
                   A        B        C        D        E       F      G
               +--------+--------+--------+--------+--------+-----+--------+
         Total |  17155 |  15375 |   1780 |    223 |  11111 |  16 | 1072.2 |
       Dungeon |   8592 |   7689 |    903 |    116 |   5492 |   9 |  954.7 |
        Temple |    117 |    111 |      6 |      0 |    106 |   1 |  117.0 |
          Lair |   7532 |   6662 |    870 |    107 |   5172 |   5 | 1506.4 |
        Bailey |    912 |    912 |      0 |      0 |    340 |   1 |  912.0 |
               +--------+--------+--------+--------+--------+-----+--------+

Top non-repeatable levels by time:
  Lair:5: 2287 daAuts
  Lair:1: 1522 daAuts
  Lair:4: 1436 daAuts
     D:9: 1250 daAuts
     D:6: 1180 daAuts
  Lair:2: 1150 daAuts
  Lair:3: 1135 daAuts
     D:1: 1038 daAuts
     D:3: 929 daAuts
  Bailey: 912 daAuts
     D:2: 890 daAuts
     D:8: 889 daAuts
     D:4: 838 daAuts
     D:5: 790 daAuts
     D:7: 783 daAuts
